 Dungeon Crawl Stone Soup version 0.30-a0-140-gd1020e658a (webtiles) character file.

Game seed: 5763865217001412483

42269 purpskrrrp the Basher (level 13, -7/95 HPs)
             Began as a Demonspawn Fighter on Sept 24, 2022.
             Was the Champion of Hepliaklqana.
             Mangled by a catoblepas (10 damage)
             ... while petrified by a catoblepas
             ... on level 5 of the Lair of Beasts.
             The game lasted 00:57:32 (16970 turns).

purpskrrrp the Basher (Demonspawn Fighter)         Turns: 16970, Time: 00:57:33

Health: -7/95      AC: 18    Str: 20    XL:     13   Next: 84%
Magic:  0/13       EV:  2    Int: 11    God:    Hepliaklqana [******]
Gold:   1224       SH:  0    Dex: 13    Spells: 9/12 levels left

rFire   + + .      SeeInvis +    d - +9 eveningstar (protect)
rCold   x . .      Faith    .    c - +0 buckler
rNeg    + + +      Spirit   +    B - +2 fire dragon scales
rPois   ∞          Reflect  +    z - +1 helmet
rElec   .          Harm     .    (no cloak)
rCorr   .          Rampage  .    (no gloves)
Will    .....                    (boots unavailable)
Stlth   ..........               h - amulet of reflection
HPRegen 0.25/turn                f - +4 ring of evasion
MPRegen 0.26/turn                l - +4 ring of evasion

@: petrified, on berserk cooldown, hasted and slowed
A: reduced essence, hooves 3, slimy green scales 2, icemail 1, magic shield,
magic regeneration, condensation shield, corrupting presence 1, see invisible,
sense surroundings 1
a: Renounce Religion, Recall Ancestor, Ancestor Identity, Transference, Idealise


You were on level 5 of the Lair of Beasts.
You worshipped Hepliaklqana.
Hepliaklqana was exalted by your worship.
You visited 3 branches of the dungeon, and saw 19 of its levels.
You also visited: Bailey.

You collected 1224 gold pieces.

Inventory:

Hand Weapons
 a - a +1 war axe
 d - a +9 eveningstar of protection (weapon)
 t - a +1 whip of electrocution
 A - a +3 morningstar
 C - a +3 rapier of venom
 I - the +6 long sword of Profit {freeze, rPois Dex+3}
   (You took it off a gnoll on level 10 of the Dungeon)

   It freezes those it strikes, dealing additional cold damage.
   It can also slow down cold-blooded creatures.
   Dex:       It affects your dexterity (+3).
   rPois:     It protects you from poison.
Armour
 c - a +0 buckler (worn)
 j - a +0 scale mail
 p - an orb of mayhem
 z - a +1 helmet (worn)
 B - +2 fire dragon scales (worn)
 F - +0 steam dragon scales
Jewellery
 f - a +4 ring of evasion (left hand)
 g - an amulet of magic regeneration
 h - an amulet of reflection (around neck)
 l - a +4 ring of evasion (right hand)
 n - a ring of positive energy
 r - a +6 ring of intelligence
 s - a +6 ring of dexterity
 u - a ring of protection from cold
 w - a ring of positive energy
 G - a +6 ring of dexterity
Wands
 y - a wand of flame (69)
 J - a wand of charming (24)
 K - a wand of polymorph (9) (quivered)
 N - a wand of light (6)
 O - a wand of iceblast (5)
 S - a wand of digging (3)
Scrolls
 v - 2 scrolls of teleportation
 L - 3 scrolls of fear
 M - a scroll of magic mapping
 P - 6 scrolls of identify
 Q - a scroll of silence
 U - a scroll of torment {unknown}
Potions
 b - 3 potions of degeneration
 e - 10 potions of curing
 i - a potion of invisibility
 k - 4 potions of ambrosia
 o - 4 potions of magic
 q - 3 potions of brilliance
 x - 2 potions of cancellation
 D - a potion of berserk rage
 E - 5 potions of flight
 R - 2 potions of lignification
 T - a potion of might
Miscellaneous
 H - a lightning rod (4/4)


   Skills:
 + Level 11.2 Fighting
 - Level 3.2(9.3) Axes
 * Level 13.5(13.7) Maces & Flails
 + Level 9.7 Armour
 + Level 7.0 Dodging
 + Level 9.6 Shields


You had 9 spell levels left.
You knew the following spells:

 Your Spells              Type           Power      Damage    Failure   Level
a - Vampiric Draining     Necr           0%         2d6       98%         3

Your spell library contained the following spells:

 Spells                   Type           Power      Damage    Failure   Level
 Apportation              Tloc           0%         N/A       77%         1
 Foxfire                  Conj/Fire      0%         2x1d4     77%         1
 Necrotise                Necr           0%         1d4       77%         1
 Slow                     Hex            0%         N/A       77%         1
 Summon Small Mammal      Summ           0%         N/A       77%         1
 Ensorcelled Hibernation  Hex/Ice        0%         N/A       88%         2
 Passwall                 Tmut/Erth      0%         N/A       88%         2
 Confusing Touch          Hex            0%         N/A       98%         3
 Gell's Gravitas          Tloc           0%         N/A       98%         3
 Inner Flame              Hex/Fire       0%         N/A       98%         3
 Kindle Blastsparks       Fire/Tloc/Air  0%         2d10      98%         3
 Swiftness                Air            0%         N/A       98%         3
 Teleport Other           Tloc           0%         N/A       98%         3
 Flame Wave               Conj/Fire      0%         2d4       100%        4
 Arcjolt                  Conj/Air       0%         1d10      100%        5
 Iskenderun's Battlesphe  Conj           0%         2d6       100%        5
 Dispersal                Tloc           0%         N/A       100%        6
 Iron Shot                Conj/Erth      0%         9d1       100%        6
 Spellforged Servitor     Conj/Summ      0%         N/A       100%        7


Dungeon Overview and Level Annotations

Branches:
Dungeon (13/15)            Temple (1/1) D:5            Lair (5/5) D:9
 Shoals (0/4) Lair:3        Snake (0/4) Lair:2        Slime (0/5) Lair:5
    Orc (0/2) D:12         Bailey (visited)
 Vaults: D:13-14

Altars:
Ashenzari
Cheibriados
Dithmenos
Fedhas
Gozag
Hepliaklqana
Kikubaaqudgha
Makhleb
Nemelex Xobeh
Okawaru
Qazlal
Ru
Sif Muna
Trog
Uskayaw
Vehumet
Wu Jian
Xom
Yredelemnul
Jiyva

Shops:
D:5 *

Portals:
Abyss: D:8

Annotations:
D:8 2 transporters, Lance11888's ghost, novice MfWr
D:12 Jorgrun
Lair:1 3 runed translucent doors, drugrobin's ghost, journeyman DgDe
Lair:5 1 runed translucent door


Innate Abilities, Weirdness & Mutations

Your life essence is reduced to manifest your ancestor. (-10% HP)
You have hooves in place of feet.
You are mostly covered in slimy green scales. (AC +3)
A meltable icy envelope protects you from harm. (AC +0)
When hurt, damage is shared between your health and your magic reserves.
You regenerate magic rapidly.
A meltable shield of frost defends you. (SH +0)
Your presence sometimes corrodes those you injure.
You have supernaturally acute eyesight. (SInv)
You passively map a small area around you.


Message History

The dream sheep bites you.
The catoblepas gores you but does no damage.
The dire elephant is engulfed in calcifying dust.
You are engulfed in calcifying dust.
The death yak is engulfed in calcifying dust.
The death yak gores you but does no damage.
The dream sheep bites you but does no damage.
The catoblepas gores you.
The dire elephant is engulfed in calcifying dust.
You are engulfed in calcifying dust.
The death yak gores you!
* * * LOW HITPOINT WARNING * * *
The dream sheep bites you.
* * * LOW HITPOINT WARNING * * *
The catoblepas gores you.
* * * LOW HITPOINT WARNING * * *
The death yak gores you but does no damage.
The catoblepas gores you!!
* * * LOW HITPOINT WARNING * * *
The dream sheep bites you but does no damage.
The death yak gores you but does no damage.
The dream sheep barely misses you.
The catoblepas gores you but does no damage.
The death yak gores you but does no damage.
The catoblepas gores you!
* * * LOW HITPOINT WARNING * * *
The dream sheep bites you.
* * * LOW HITPOINT WARNING * * *
The death yak is no longer petrified.
The death yak gores you but does no damage.
The death yak barely misses you. The dream sheep bites you!
* * * LOW HITPOINT WARNING * * *
The catoblepas gores you.
* * * LOW HITPOINT WARNING * * *
The dire elephant is no longer petrified.
The death yak gores you.
* * * LOW HITPOINT WARNING * * *
The death yak completely misses you. The dream sheep bites you.
* * * LOW HITPOINT WARNING * * *
The catoblepas gores you!!
You die...

........# ,
,, ,, , ,
...##.###* ,
, , ,
#...### * ,
,, ,, #####
,*, *, * * *
** ,* * *
#### * * ***
#####...##*
, , , *
##.†......P
*
##Y.........
* , ,
#@YY..#####
,
*#YY.......#
* , ,
#k....#...#
* ###...#
.... , ...##
,### , ,
#.... * * ,
, * .Y.... ,
, ,
##.....#* ,
, , *


You could see a dire elephant, 2 death yaks, a catoblepas, a lindwurm and a
dream sheep.

Vanquished Creatures
  Rupert (Lair:3)
  4 vault guards (D:13)
  A hydra (Lair:4)
  2 two-headed ogres
  A boulder beetle (D:12)
  3 death yaks (D:9)
  An orc knight (Bailey)
  An oklob plant (Lair:4)
  Pikel (D:6)
  2 manticores
  2 slime creatures (D:12)
  Maurice (D:12)
  A gargoyle (D:12)
  11 elephants
  5 cane toads
  2 rime drakes (Lair:5)
  3 komodo dragons
  2 trolls
  A wind drake (Lair:3)
  9 blink frogs
  A shadow (D:11)
  A wyvern (D:10)
  26 yaks
  2 basilisks
  A steam dragon (D:10)
  3 vampire mosquitoes
  An acid dragon (Lair:5)
  13 water moccasins
  10 orc warriors
  An ice beast (D:8)
  A swamp drake (Lair:5)
  2 black bears
  An ogre (D:4)
  12 centaurs
  16 wolves
  2 phantoms
  3 kobold brigands
  8 bullfrogs
  A gnoll sergeant (D:10)
  2 necrophages
  8 wights
  4 killer bees (D:9)
  A bullfrog zombie (D:3)
  4 orc priests
  A centaur zombie (D:3)
  2 hounds
  6 iguanas
  4 orc wizards
  15 hell rats
  14 gnolls
  3 adders
  An ufetubus (D:7)
  A worm (D:2)
  2 dart slugs
  35 orcs
  7 endoplasms
  3 giant cockroaches
  4 goblins
  15 hobgoblins
  8 jackals
  A quokka (D:3)
  6 ball pythons
  4 bats
  2 frilled lizards
  8 kobolds
  7 rats
327 creatures vanquished.

Vanquished Creatures (collateral kills)
  A two-headed ogre (D:10)
  Urug (D:11)
  Nergalle (Lair:1)
  An elephant (Lair:4)
  2 black mambas
  A cane toad (Lair:1)
  A rime drake (Lair:3)
  A komodo dragon (Lair:1)
  A polar bear (Lair:3)
  Prince Ribbit (D:6)
  2 blink frogs (Lair:1)
  A spriggan (Lair:4)
  A wraith (D:11)
  7 yaks
  Eustachio (D:6)
  2 steam dragons
  3 basilisks
  2 vampire mosquitoes
  An acid dragon (Lair:5)
  4 water moccasins
  5 orc warriors
  3 ice beasts
  2 sky beasts (D:7)
  5 wolves
  The ghost of JuniperTheExplorer the Trooper, an amateur OpFi (D:3)
  2 centaurs
  A kobold brigand (D:6)
  4 bullfrogs
  4 wights
  A killer bee (D:9)
  An electric eel (Lair:4)
  4 hounds
  A bullfrog zombie (D:3)
  3 orc priests
  4 iguanas
  5 hell rats
  4 orc wizards
  7 gnolls
  An adder (D:6)
  A white imp (D:6)
  An ufetubus (D:6)
  A worm (D:4)
  13 orcs
  4 goblins (Bailey)
  3 hobgoblins (Bailey)
  10 kobolds
  3 quokkas (D:9)
  2 butterflies
131 creatures vanquished.

Vanquished Creatures (others)
  10 battlemagi
  An orc (D:8)
  A kobold (D:10)
  15 fungi
  45 plants
72 creatures vanquished.

Grand Total: 530 creatures vanquished

Notes
Turn   | Place    | Note
-------+----------+-------------------------------------------
     0 | D:1      | purpskrrrp the Demonspawn Fighter began the quest for the
                  | Orb.
     0 | D:1      | Reached XP level 1. HP: 18/18 MP: 1/1
   259 | D:1      | Gained mutation: A meltable shield of frost defends you.
                  | (SH +0) [demonic ancestry]
   259 | D:1      | Reached XP level 2. HP: 22/24 MP: 2/2
   945 | D:2      | Gained mutation: You have large cloven feet. [demonic
                  | ancestry]
   945 | D:2      | Reached XP level 3. HP: 27/29 MP: 3/3
   977 | D:2      | Found a hazy altar of Hepliaklqana.
  1742 | D:2      | Became a worshipper of Hepliaklqana the Forgotten
  1904 | D:3      | Gained mutation: You are partially covered in slimy green
                  | scales. (AC +2) [demonic ancestry]
  1904 | D:3      | Reached XP level 4. HP: 18/35 MP: 4/4
  2184 | D:3      | Found a transporter.
  2189 | D:3      | Noticed JuniperTheExplorer's ghost (amateur OpFi)
  2189 | D:3      | Noticed a phantom
  2401 | D:3      | Found a faded altar of an unknown god.
  2410 | D:3      | Gained mutation: You have hoof-like feet. [demonic
                  | ancestry]
  2410 | D:3      | Reached XP level 5. HP: 35/42 MP: 5/5
  2928 | D:4      | Reached skill level 1 in Maces & Flails
  3006 | D:4      | Reached * piety under Hepliaklqana
  3132 | D:4      | Gained mutation: A meltable icy envelope protects you from
                  | harm. (AC +0) [demonic ancestry]
  3132 | D:4      | Reached XP level 6. HP: 43/43 MP: 6/6
  3449 | D:4      | Reached skill level 2 in Maces & Flails
  3772 | D:4      | Gained mutation: You have a somewhat thin skeletal
                  | structure. (Dex +2, Stealth+) [potion of mutation]
  3772 | D:4      | Gained mutation: Your mind is acute. (Int +4, Str/Dex -1)
                  | [potion of mutation]
  3773 | D:4      | Lost mutation: You have a somewhat thin skeletal structure.
                  | (Dex +2, Stealth+) [potion of mutation]
  3773 | D:4      | Lost mutation: Your mind is acute. (Int +4, Str/Dex -1)
                  | [potion of mutation]
  3773 | D:4      | Gained mutation: You have supernaturally acute eyesight.
                  | (SInv) [potion of mutation]
  3773 | D:4      | Gained mutation: You passively map a small area around you.
                  | [potion of mutation]
  3925 | D:3      | Learned a level 3 spell: Vampiric Draining
  4018 | D:5      | Entered Level 5 of the Dungeon
  4118 | D:5      | Found a staircase to the Ecumenical Temple.
  4133 | Temple   | Entered the Ecumenical Temple
  4133 | Temple   | Found a transporter.
  4133 | Temple   | Found a transporter.
  4135 | Temple   | Found a transporter.
  4135 | Temple   | Found a transporter.
  4203 | D:5      | Gained mutation: You regenerate magic rapidly. [demonic
                  | ancestry]
  4203 | D:5      | Reached XP level 7. HP: 49/49 MP: 7/7
  4263 | D:5      | Found Dacomuss's Fire Supplies.
  4332 | D:5      | Reached ** piety under Hepliaklqana
  4333 | D:5      | Remembered your ancestor Branko as a battlemage
  4757 | D:6      | Reached skill level 3 in Maces & Flails
  4860 | D:6      | Noticed Pikel
  4867 | D:6      | Killed Pikel
  4868 | D:6      | Reached skill level 5 in Fighting
  4868 | D:6      | Reached skill level 4 in Maces & Flails
  4868 | D:6      | Gained mutation: When hurt, damage is shared between your
                  | health and your magic reserves. [demonic ancestry]
  4868 | D:6      | Reached XP level 8. HP: 55/55 MP: 8/8
  4873 | D:6      | Identified the +6 short sword of the Evening {vamp, rN+
                  | Dex+4}
  4884 | D:6      | Noticed Prince Ribbit
  4894 | D:6      | Killed Prince Ribbit
  4913 | D:6      | Reached skill level 5 in Maces & Flails
  4913 | D:6      | Reached skill level 5 in Armour
  4913 | D:6      | Reached skill level 5 in Shields
  5357 | D:6      | Reached XP level 9. HP: 56/62 MP: 9/9
  5396 | D:6      | Reached skill level 6 in Maces & Flails
  5433 | D:6      | Noticed Eustachio
  5436 | D:6      | Killed Eustachio
  5910 | D:3      | Killed JuniperTheExplorer's ghost
  5929 | D:3      | Found a transporter.
  6046 | D:7      | Found a bloodstained altar of Trog.
  6046 | D:7      | Found a hazy altar of Hepliaklqana.
  6245 | D:7      | Found a flagged portal.
  6254 | Bailey   | Entered a bailey
  6280 | Bailey   | Noticed an orc knight
  6303 | Bailey   | Killed an orc knight
  6304 | Bailey   | Reached skill level 7 in Maces & Flails
  6756 | Bailey   | Reached *** piety under Hepliaklqana
  6804 | Bailey   | Noticed an orc warlord
  6806 | Bailey   | Noticed an orc knight
  6811 | Bailey   | Noticed an orc knight
  7245 | D:7      | Gained mutation: You have hooves in place of feet. [demonic
                  | ancestry]
  7245 | D:7      | Reached XP level 10. HP: 71/71 MP: 10/10
  7537 | D:7      | Reached skill level 8 in Maces & Flails
  7984 | D:8      | Noticed a brown ugly thing
  7987 | D:8      | Noticed a rust devil
  7990 | D:8      | Found a one-way gate to the infinite horrors of the Abyss.
  7990 | D:8      | Noticed Lance11888's ghost (novice MfWr)
  8212 | D:8      | Reached **** piety under Hepliaklqana
  8398 | D:8      | Found a transporter.
  8414 | D:8      | Found a transporter.
  8616 | D:8      | Reached skill level 9 in Maces & Flails
  8880 | D:8      | Identified a scroll of acquirement
  8880 | D:8      | Acquired a +7 eveningstar of protection
  8898 | D:9      | Noticed a death yak
  8904 | D:9      | Killed a death yak
  8904 | D:9      | Noticed a death yak
  8905 | D:9      | Reached skill level 1 in Dodging
  8907 | D:9      | Noticed a death yak
  8911 | D:9      | Found a staircase to the Lair.
  8915 | D:9      | Reached XP level 11. HP: 73/78 MP: 11/11
  8920 | D:9      | Killed a death yak
  8927 | D:9      | Killed a death yak
  8947 | D:9      | Reached skill level 10 in Maces & Flails
  9017 | D:9      | Noticed a two-headed ogre
  9023 | D:9      | Killed a two-headed ogre
 10142 | D:10     | Entered Level 10 of the Dungeon
 10216 | D:10     | Noticed a two-headed ogre
 10217 | D:10     | Noticed a two-headed ogre
 10220 | D:10     | Killed a two-headed ogre
 10224 | D:10     | Killed a two-headed ogre
 10227 | D:10     | Identified the +6 long sword of Profit {freeze, rPois
                  | Dex+3}
 10375 | D:10     | Reached skill level 11 in Maces & Flails
 10575 | D:11     | Noticed Urug
 10592 | D:11     | Killed Urug
 10741 | D:11     | You fall into a shaft and drop 2 floors!
 10753 | D:13     | Noticed a vault guard
 10753 | D:13     | Noticed a vault guard
 10753 | D:13     | Noticed a vault guard
 10753 | D:13     | Noticed a vault guard
 10774 | D:13     | Killed a vault guard
 10775 | D:13     | Gained mutation: You are mostly covered in slimy green
                  | scales. (AC +3) [demonic ancestry]
 10775 | D:13     | Reached XP level 12. HP: 55/86 MP: 8/12
 10791 | D:13     | Killed a vault guard
 10799 | D:13     | Killed a vault guard
 10948 | D:13     | Killed a vault guard
 10984 | D:13     | Noticed a vault guard
 10984 | D:13     | Noticed a centaur warrior
 10998 | D:12     | Noticed a boulder beetle
 11003 | D:12     | Noticed Jorgrun
 11024 | D:12     | Found a staircase to the Orcish Mines.
 11033 | D:12     | Noticed Maurice
 11043 | D:12     | Killed Maurice
 11082 | D:12     | Killed a boulder beetle
 11256 | D:11     | Reached ***** piety under Hepliaklqana
 12115 | D:12     | Reached skill level 10 in Fighting
 12115 | D:12     | Reached skill level 5 in Dodging
 12142 | D:12     | Noticed a two-headed ogre
 12404 | Lair:1   | Entered Level 1 of the Lair of Beasts
 12462 | Lair:1   | Found a runed translucent gate.
 12463 | Lair:1   | Found a runed translucent gate.
 12464 | Lair:1   | Found a runed translucent gate.
 12553 | Lair:1   | You fall into a shaft and drop 1 floor!
 12563 | Lair:2   | Reached skill level 12 in Maces & Flails
 12756 | Lair:1   | Noticed drugrobin's ghost (journeyman DgDe)
 12772 | Lair:1   | Noticed Nergalle
 12782 | Lair:1   | Killed Nergalle
 13602 | Lair:2   | Found a staircase to the Snake Pit.
 13604 | Lair:2   | Gained mutation: Your presence sometimes corrodes those you
                  | injure. [demonic ancestry]
 13604 | Lair:2   | Reached XP level 13. HP: 93/93 MP: 13/13
 13685 | Lair:2   | Identified the +5 dagger "Acorig" {elec, Fragile rF- rN+++
                  | rCorr}
 14540 | Lair:3   | Noticed Rupert
 14557 | Lair:3   | Killed Rupert
 14717 | Lair:3   | Found a staircase to the Shoals.
 15326 | Lair:4   | Reached skill level 13 in Maces & Flails
 15368 | Lair:4   | Reached ****** piety under Hepliaklqana
 16528 | Lair:5   | Entered Level 5 of the Lair of Beasts
 16663 | Lair:5   | Found a runed translucent door.
 16663 | Lair:5   | Found a viscous altar of Jiyva.
 16664 | Lair:5   | Found a staircase to the Slime Pits.
 16925 | Lair:5   | Noticed a fire dragon
 16942 | Lair:5   | Noticed a dire elephant
 16970 | Lair:5   | HP: 4/95 [death yak (1)]
 16970 | Lair:5   | Mangled by a catoblepas

Illustrated notes

Levels and vault maps discovered:
D:1:      elethiomel_arrival_maze, layout_rooms
D:2:      layout_basic, basic_altar, serial_aquarium, aquarium_bridge_square
          [aquarium_subvault_wall, aquarium_subvault_bridge,
          aquarium_subvault_wall, aquarium_subvault_bridge],
          aquarium_window_fake, aquarium_window_fake, aquarium_view_2a,
          nicolae_elevator_lobby_plus
D:3:      layout_loops_ring, gammafunk_ghost_mausoleum,
          ebering_ecumenical_altar_abandoned, st_stairs_9,
          chequers_serial_rivers_small_a, grunt_ministairs_15
D:4:      layout_gridville, minmay_bisected
D:5:      layout_gridville, minmay_temple_entry_poolview, serial_park_tiny_2,
          supply_closet_lemuel, minmay_crystal_water, solitary_fountain,
          minmay_misc_feat_doors, nicolae_shop_fire_sale
          [nicolae_sub_dead_trees], minmay_misc_feat_nine_boxes
D:6:      layout_basic, uniq_prince_ribbit1, uniq_eustachio, uniq_pikel
D:7:      layout_rooms, gammafunk_temple_overflow_pools, enter_bailey_2,
          grunt_decor_one_mirror, centaur_isle
D:8:      layout_loops_corners, gammafunk_ghost_abyssal_escape
D:9:      layout_loops_ring, lemuel_tele_altar, dpeg_lair_monsters
D:10:     layout_rooms, grunt_ministairs_1
D:11:     layout_irregular_city, uniq_urug
D:12:     layout_rooms, david_orc_3, ebering_ghost_gozag, uniq_maurice,
          uniq_jorgrun
D:13:     layout_long_grid, erik_vaults_2, yredelemnul_altar_generic,
          uniq_nessos
Temple:   hellmonk_temple_divided_pantheon
Lair:1:   layout_hall_layers, gammafunk_ghost_icy, patterned_corridor,
          grunt_megastairs_4, lemuel_fruit_fields, uniq_nergalle
Lair:2:   layout_layer_cave, minmay_snake_entry_six_corridors,
          infiniplex_staircase_pool
Lair:3:   layout_misc_corridors, minmay_shoals_entry_beasts,
          lemuel_fruit_fields, grunt_megastairs_3, lemuel_fruit_tree,
          uniq_rupert
Lair:4:   layout_layer_cave, wad_woods_03, grunt_megastairs_1,
          infiniplex_staircase_pool_2, serial_bayou_shore_b,
          serial_bayou_shore_a
Lair:5:   guppyfry_lair_end_dragon, layout_cave_pods, hangedman_lair_in_review,
          slime_entry_2, chequers_serial_rivers_micro_b, grunt_megastairs_2

Skill      XL: |  1  2  3  4  5  6  7  8  9 10 11 12 13 |
---------------+----------------------------------------+-----
Axes           | 2 3 |  3.2
Armour         | 3 4 5 6 7 8 9 |  9.7
Shields        | 3 4 5 6 7 8 9 |  9.6
Fighting       | 4 5 6 7 8 9 10 11 | 11.2
Maces & Flails | 1 2 4 5 7 9 11 12 13 | 13.5
Dodging        | 1 4 5 7 |  7.0

Action                   |  1- 3 |  4- 6 |  7- 9 | 10-12 | 13-15 || total
-------------------------+-------+-------+-------+-------+-------++-------
Melee: War axe           |    92 |    50 |       |       |       ||   142
       Kick              |     6 |    29 |    84 |   145 |    91 ||   355
       Whip              |       |    64 |   258 |    93 |       ||   415
       Eveningstar       |       |       |       |   326 |   236 ||   562
Invok: Ancestor Life: Ba |       |       |     1 |       |       ||     1
       Ancestor Identity |       |       |     1 |       |       ||     1
       Recall Ancestor   |       |       |       |     3 |       ||     3
  Use: Scroll            |     6 |     9 |     6 |    18 |     4 ||    43
       Potion            |       |     2 |     3 |     7 |     2 ||    14
 Stab: Distracted        |       |     1 |     1 |     6 |     5 ||    13
       Petrifying        |       |       |       |       |     2 ||     2
Armor: Scale mail        |    41 |    13 |    28 |     3 |       ||    85
       Steam dragon scal |       |       |       |    16 |       ||    16
       Fire dragon scale |       |       |       |    57 |    70 ||   127
Dodge: Dodged            |    44 |    41 |   107 |   185 |   110 ||   487
Block: Buckler           |    70 |    68 |   164 |   307 |   149 ||   758
       Reflection        |       |     1 |     4 |    49 |     2 ||    56

Table legend: (Time is in decaauts)
 A = Elapsed time spent in this place.
 B = Non-inter-level travel time spent in this place.
 C = Inter-level travel time spent in this place.
 D = Time resting spent in this place.
 E = Time spent auto-exploring this place.
 F = Levels seen in this place.
 G = Mean time per level.
                   A        B        C        D        E       F      G
               +--------+--------+--------+--------+--------+-----+--------+
         Total |  16925 |  14796 |   2129 |   1900 |  10190 |  20 |  846.2 |
       Dungeon |  11666 |   9864 |   1802 |   1482 |   6626 |  13 |  897.4 |
        Temple |     42 |     26 |     16 |      0 |      6 |   1 |   42.0 |
          Lair |   4550 |   4240 |    310 |     99 |   3459 |   5 |  910.0 |
        Bailey |    666 |    666 |      0 |    319 |     99 |   1 |  666.0 |
               +--------+--------+--------+--------+--------+-----+--------+

Top non-repeatable levels by time:
     D:3: 1428 daAuts
  Lair:4: 1396 daAuts
    D:11: 1188 daAuts
  Lair:2: 1168 daAuts
     D:6: 1111 daAuts
     D:8: 1090 daAuts
     D:7: 1072 daAuts
     D:4: 1057 daAuts
     D:1: 975 daAuts
     D:5: 948 daAuts
     D:2: 944 daAuts
  Lair:1: 846 daAuts
  Lair:3: 825 daAuts
     D:9: 825 daAuts
  Bailey: 666 daAuts
